AoeStats
← Buback

Arena

503862507Analyzed
2v2 RM · 1mo ago on Sep 2, 2026· 24m 29s· 4 players
Game mode
Random Map
Map size
Medium (4 player)
Population
200
Speed
Normal
Resources
Standard
Victory
Conquest
Starting age
Dark Age
Ending age
Imperial Age
RankedLock teamsTeams togetherTeam positionsShared explorationLock speedFull tech treeHidden civsTurbo modeCheats
Victory
Defeat
🇺🇸 Cumans · United States
1080
+15
🇦🇷 Slavs · Argentina
1079
+15
🇦🇷 Sicilians · Argentina
1066
-15
🇦🇷 Cumans · Argentina
1038
-14
Buback
10:57 Feudal Age
10:41 Loom
11:57 Double-Bit Axe
15:01 Horse Collar
Spaceboy
7:12 Loom
9:25 Feudal Age
15:44 Fletching
16:53 Double-Bit Axe
16:51 Horse Collar
17:05 Gold Mining
21:17 Wheelbarrow
Jojo
11:45 Feudal Age
12:12 Loom
14:21 Double-Bit Axe
19:35 Castle Age
18:52 Horse Collar
22:52 Man-at-Arms
23:58 Stone Mining
cjblikstad
1:02 Loom
12:06 Feudal Age
13:37 Wheelbarrow
14:11 Forging
14:16 Scale Mail Armor
13:43 Man-at-Arms
25:18 Castle Age
Connection lost

Rejoining the realm…

Still unreachable

The connection could not be restored.

Session expired

The server has moved on; the page needs a fresh start.